St.Louis Blues vs San Jose Sharks
Created - Saturday, October 28, 2023 at 08:51
Goals
|
| St.Louis Blues |
1 |
0 |
1 |
1 |
3 |
| San Jose Sharks |
0 |
1 |
1 |
0 |
2 |
|
Shots
|
| St.Louis Blues |
12 |
5 |
10 |
1 |
28 |
| San Jose Sharks |
10 |
8 |
13 |
0 |
31 |
|
1st period
1. St.Louis Blues , Jack Eichel 22 (Mark Stone 18) at 11:52
Penalties :
Michael Bunting (SJS) for Interference (Minor) at 4:12, Andreas Athanasiou (SJS) for Holding (Minor) at 9:33
2nd period
2. San Jose Sharks , Mike Hoffman 5 (Anthony Deangelo 12, Danton Heinen 7) at 6:02
Penalties :
Mikhail Sergachev (STL) for Slashing (Minor) at 1:22, Ryan Strome (SJS) for Roughing (Minor) at 15:23
3rd period
3. St.Louis Blues , Tage Thompson 18 (Elias Pettersson 38) at 0:08
4. San Jose Sharks , Joel Edmundson 3 (Ryan Hartman 31, Adam Henrique 24) at 14:28 (PP)
Penalties :
Sean Kuraly (STL) for Hooking (Minor) at 7:54, Tage Thompson (STL) for Tripping (Minor) at 12:44
Overtime #1
5. St.Louis Blues , Elias Pettersson 13 (Tage Thompson 16, Jake Sanderson 12) at 0:10
Penalties :
No Penalty
Goalie Stats
Scott Wedgewood (STL), 29 saves from 31 shots - (0.935), W, 6-5-3, 60:10 minutes
Martin Jones (SJS), 25 saves from 28 shots - (0.893), OTL, 22-12-11, 60:10 minutes
Players Stats for St.Louis Blues
Player Name G A P +/- PIM S H SB GA TA FO MP PP MP PK MP
------------------------------------------------------------------------------------
Adam Pelech 0 0 0 0 0 1 2 0 0 1 0/0 18:03 0:00 2:47
Alex Pietrangelo 0 0 0 2 0 1 1 1 0 2 0/0 19:15 2:39 0:00
Alex Tuch 0 0 0 1 0 1 0 1 0 0 0/0 19:03 3:18 0:00
Andrew Copp 0 0 0 -1 0 0 1 1 1 0 1/1 13:52 2:57 2:46
Colton Parayko 0 0 0 0 0 0 0 2 0 0 0/0 18:56 0:00 2:47
Elias Pettersson 1 1 2 2 0 4 2 0 0 0 8/22 18:43 3:00 0:00
Evander Kane 0 0 0 0 0 1 3 1 1 0 0/0 11:36 0:00 0:00
Jack Eichel 1 0 1 1 0 6 2 0 1 0 4/7 13:39 0:00 0:00
Jake Sanderson 0 1 1 2 0 1 1 1 0 1 0/0 19:18 0:00 2:55
Lawson Crouse 0 0 0 1 0 0 1 0 1 1 0/0 19:54 2:57 2:46
Mark Stone 0 1 1 1 0 2 1 0 0 0 0/0 15:48 2:39 0:00
Mikhail Sergachev 0 0 0 0 2 2 2 4 1 0 0/0 20:21 3:18 0:00
Nick Leddy 0 0 0 0 0 2 0 0 0 0 0/0 17:33 0:00 2:55
Nico Sturm 0 0 0 -1 0 1 0 0 1 0 3/9 13:48 3:00 2:56
Robert Thomas 0 0 0 0 0 2 1 0 0 1 2/8 14:52 2:57 0:00
Sean Kuraly 0 0 0 -1 2 1 0 0 0 0 0/0 7:22 0:00 0:00
Tage Thompson 1 1 2 2 2 3 2 0 1 0 0/0 18:31 3:00 0:00
Yanni Gourde 0 0 0 0 0 0 3 0 0 0 0/1 14:21 0:00 2:56
Players Stats for San Jose Sharks
Player Name G A P +/- PIM S H SB GA TA FO MP PP MP PK MP
------------------------------------------------------------------------------------
Adam Henrique 0 1 1 -2 0 0 2 0 0 0 14/19 19:10 2:55 2:51
Alex Iafallo 0 0 0 -1 0 3 0 0 0 0 0/1 19:03 2:55 3:01
Andreas Athanasiou 0 0 0 -1 2 1 3 1 1 1 0/0 13:55 0:01 0:00
Anthony Deangelo 0 1 1 -1 0 1 0 0 0 0 0/0 20:22 3:01 0:00
Calle Rosen 0 0 0 0 0 1 0 1 0 1 0/0 16:30 0:00 2:41
Danton Heinen 0 1 1 1 0 0 1 1 0 1 0/0 9:48 0:01 0:05
Derek Forbort 0 0 0 -1 0 1 0 2 0 1 0/0 22:47 2:41 3:16
Jacob Middleton 0 0 0 0 0 0 0 2 0 1 0/0 16:30 0:00 2:41
Joel Edmundson 1 0 1 -1 0 2 1 2 0 1 0/0 20:22 3:01 0:00
Michael Bunting 0 0 0 1 2 2 1 1 2 0 0/0 9:45 0:01 0:00
Mike Hoffman 1 0 1 1 0 2 0 0 0 0 0/1 9:28 0:00 0:05
Nicholas Paul 0 0 0 -1 0 1 1 0 0 1 3/7 13:40 0:00 0:00
Nikita Zadorov 0 0 0 -1 0 1 2 1 0 0 0/0 22:47 2:41 3:16
Oliver Bjorkstrand 0 0 0 0 0 3 2 0 1 0 0/0 15:16 2:46 0:00
Ryan Hartman 0 1 1 -1 0 4 4 1 1 0 0/0 19:03 2:55 3:01
Ryan Strome 0 0 0 0 2 3 2 0 0 0 2/2 15:05 2:46 0:00
Travis Boyd 0 0 0 -1 0 2 1 1 0 0 0/1 13:12 0:00 0:00
William Karlsson 0 0 0 -1 0 4 0 0 1 0 11/17 17:57 2:46 2:51
3 Stars
1 - Elias Pettersson (STL)
2 - Tage Thompson (STL)
3 - Jack Eichel (STL)
Power Play
St.Louis Blues - 0 on 3 Attempt(s) - 0.00%
San Jose Sharks - 1 on 3 Attempt(s) - 33.33%
Penalty Kill
St.Louis Blues - 2 on 3 Attempt(s) - 66.67%
- Score 0 goal in Penalty Kill
San Jose Sharks - 3 on 3 Attempt(s) - 100.00%
- Score 0 goal in Penalty Kill
Team Stat
St.Louis Blues - Hits : 22 - Faceoff Wins : 18 - Blocked Shots : 11 - Penalty Minutes : 6
San Jose Sharks - Hits : 20 - Faceoff Wins : 30 - Blocked Shots : 13 - Penalty Minutes : 6
Official
Referees : Tom Kowal and Steve Kozari
Linesman : Scott Driscoll and Matt MacPherson
Game Notes
No Game Note
Finance
Level 1 -- Attendance: 5096 (84.93%) -- Ticket Income $494,312
Level 2 -- Attendance: 4924 (98.48%) -- Ticket Income $280,668
Level 3 -- Attendance: 2733 (91.10%) -- Ticket Income $90,189
Level 4 -- Attendance: 5000 (100.00%) -- Ticket Income $110,000
Luxury Box -- Attendance: 898 (89.80%) -- Ticket Income $173,314
Game was played at the SAP Center at San Jose.
Total Attendance: 18651 (93.26%)
Total Ticket Income: $1,148,483
Other Income: $401,969
Total Income: $1,550,452
St.Louis Blues
5 vs 5 Forward
Center Left Wing Right Wing Time % Phy DF OF
1 Elias Pettersson Alex Tuch Tage Thompson 35 0 1 4
2 Jack Eichel Mark Stone Lawson Crouse 30 1 1 3
3 Robert Thomas Evander Kane Yanni Gourde 25 1 2 2
4 Nico Sturm Andrew Copp Sean Kuraly 10 1 3 1
5 vs 5 Defense
Defense Defense Time % Phy DF OF
1 Jake Sanderson Alex Pietrangelo 35 1 2 2
2 Mikhail Sergachev Colton Parayko 33 1 2 2
3 Nick Leddy Adam Pelech 32 1 2 2
4 Jake Sanderson Alex Pietrangelo 0 1 2 2
PowerPlay Forward
Center Left Wing Right Wing Time % Phy DF OF
1 Elias Pettersson Nico Sturm Tage Thompson 50 0 1 4
2 Robert Thomas Lawson Crouse Andrew Copp 50 0 1 4
PowerPlay Defense
Defense Defense Time % Phy DF OF
1 Alex Tuch Mikhail Sergachev 50 1 1 3
2 Alex Pietrangelo Mark Stone 50 1 1 3
Penalty Kill 4 Players Forward
Center Wing Time % Phy DF OF
1 Nico Sturm Yanni Gourde 50 1 4 0
2 Andrew Copp Lawson Crouse 50 1 4 0
Penalty Kill 4 Players Defense
Defense Defense Time % Phy DF OF
1 Adam Pelech Colton Parayko 50 1 4 0
2 Jake Sanderson Nick Leddy 50 1 4 0
Penalty Kill - 3 Players Forward
Forward Time % Phy DF OF
1 Nico Sturm 50 0 5 0
2 Andrew Copp 50 0 5 0
Penalty Kill - 3 Players Defense
Defense Defense Time % Phy DF OF
1 Adam Pelech Colton Parayko 50 0 5 0
2 Jake Sanderson Nick Leddy 50 0 5 0
4 vs 4 Forward
Center Wing Time % Phy DF OF
1 Elias Pettersson Tage Thompson 50 0 2 3
2 Robert Thomas Alex Tuch 50 0 2 3
4 vs 4 Defense
Defense Defense Time % Phy DF OF
1 Jake Sanderson Alex Pietrangelo 50 0 3 2
2 Colton Parayko Mikhail Sergachev 50 0 3 2
Last Minutes Offensive
Center Left Wing Right Wing Defense Defense
Robert Thomas Elias Pettersson Tage Thompson Alex Tuch Mikhail Sergachev
Last Minutes Defensive
Center Left Wing Right Wing Defense Defense
Nico Sturm Andrew Copp Yanni Gourde Jake Sanderson Colton Parayko
Goaltenders
Starting : Scott Wedgewood
Backup : Connor Hellebuyck
Extra Forwards
Normal : Nico Sturm, Robert Thomas, Lawson Crouse - PP : Nico Sturm, Robert Thomas - PK : Lawson Crouse
Extra Defensemen
Normal : Nick Leddy, Jake Sanderson, Colton Parayko - PP : Nick Leddy - PK : Jake Sanderson, Colton Parayko
Penalty Shots
Elias Pettersson, Tage Thompson, Alex Tuch, Jack Eichel, Robert Thomas
San Jose Sharks
5 vs 5 Forward
Center Left Wing Right Wing Time % Phy DF OF
1 Adam Henrique Alex Iafallo Ryan Hartman 30 1 2 2
2 William Karlsson Oliver Bjorkstrand Ryan Strome 30 1 2 2
3 Nicholas Paul Andreas Athanasiou Travis Boyd 25 1 2 2
4 Mike Hoffman Michael Bunting Danton Heinen 15 1 2 2
5 vs 5 Defense
Defense Defense Time % Phy DF OF
1 Derek Forbort Nikita Zadorov 35 1 2 2
2 Joel Edmundson Anthony Deangelo 35 1 2 2
3 Jacob Middleton Calle Rosen 30 1 2 2
4 Derek Forbort Joel Edmundson 0 1 2 2
PowerPlay Forward
Center Left Wing Right Wing Time % Phy DF OF
1 Adam Henrique Alex Iafallo Ryan Hartman 50 1 2 2
2 William Karlsson Oliver Bjorkstrand Ryan Strome 50 1 2 2
PowerPlay Defense
Defense Defense Time % Phy DF OF
1 Derek Forbort Nikita Zadorov 50 1 2 2
2 Joel Edmundson Anthony Deangelo 50 1 2 2
Penalty Kill 4 Players Forward
Center Wing Time % Phy DF OF
1 Adam Henrique William Karlsson 50 1 2 2
2 Alex Iafallo Ryan Hartman 50 1 2 2
Penalty Kill 4 Players Defense
Defense Defense Time % Phy DF OF
1 Derek Forbort Nikita Zadorov 50 1 2 2
2 Jacob Middleton Calle Rosen 50 1 2 2
Penalty Kill - 3 Players Forward
Forward Time % Phy DF OF
1 Adam Henrique 50 1 2 2
2 William Karlsson 50 1 2 2
Penalty Kill - 3 Players Defense
Defense Defense Time % Phy DF OF
1 Derek Forbort Jacob Middleton 50 1 2 2
2 Nikita Zadorov Anthony Deangelo 50 1 2 2
4 vs 4 Forward
Center Wing Time % Phy DF OF
1 Adam Henrique William Karlsson 50 1 2 2
2 Alex Iafallo Ryan Hartman 50 1 2 2
4 vs 4 Defense
Defense Defense Time % Phy DF OF
1 Nikita Zadorov Derek Forbort 50 1 2 2
2 Joel Edmundson Jacob Middleton 50 1 2 2
Last Minutes Offensive
Center Left Wing Right Wing Defense Defense
Adam Henrique Alex Iafallo Ryan Hartman Derek Forbort Nikita Zadorov
Last Minutes Defensive
Center Left Wing Right Wing Defense Defense
Adam Henrique Alex Iafallo Ryan Hartman Derek Forbort Nikita Zadorov
Goaltenders
Starting : Martin Jones
Backup : James Reimer
Extra Forwards
Normal : Michael Bunting, Andreas Athanasiou, Mike Hoffman - PP : Michael Bunting, Andreas Athanasiou - PK : Mike Hoffman
Extra Defensemen
Normal : Nikita Zadorov, Jacob Middleton, Derek Forbort - PP : Nikita Zadorov - PK : Jacob Middleton, Derek Forbort
Penalty Shots
Adam Henrique, William Karlsson, Alex Iafallo, Ryan Hartman, Ryan Strome
% Time on Ice - St.Louis Blues
Lines # - Real PCT - Wanted PCT - Time Play
Normal Forward
1 - 32% - 35% - 15:42
2 - 30% - 30% - 14:26
3 - 24% - 25% - 11:25
4 - 14% - 10% - 6:48
Normal Defense
1 - 39% - 35% - 18:54
2 - 31% - 33% - 14:57
3 - 29% - 32% - 13:51
4 - 1% - 0% - 0:39
PP Forward
1 - 50% - 50% - 3:00
2 - 50% - 50% - 2:57
PP Defense
1 - 55% - 50% - 3:18
2 - 45% - 50% - 2:39
PK Forward
1 - 51% - 50% - 2:56
2 - 49% - 50% - 2:46
PK Defense
1 - 49% - 50% - 2:47
2 - 51% - 50% - 2:55
PK3 Forward
1 - 0% - 50%
2 - 0% - 50%
PK3 Defense
1 - 0% - 50%
2 - 0% - 50%
44 Forward
1 - 100% - 50% - 0:10
2 - 0% - 50% - 0:00
44 Defense
1 - 100% - 50% - 0:10
2 - 0% - 50% - 0:00
Last Minute Offensive - 0:00
Last Minute Defensive - 0:00
Total
Forward - 60:10
Defense - 60:10
|
% Time on Ice - San Jose Sharks
Lines # - Real PCT - Wanted PCT - Time Play
Normal Forward
1 - 29% - 30% - 13:52
2 - 25% - 30% - 12:12
3 - 27% - 25% - 13:12
4 - 19% - 15% - 9:05
Normal Defense
1 - 34% - 35% - 16:40
2 - 36% - 35% - 17:21
3 - 30% - 30% - 14:20
4 - 0% - 0% - 0:00
PP Forward
1 - 51% - 50% - 2:56
2 - 49% - 50% - 2:46
PP Defense
1 - 47% - 50% - 2:41
2 - 53% - 50% - 3:01
PK Forward
1 - 49% - 50% - 2:56
2 - 51% - 50% - 3:01
PK Defense
1 - 55% - 50% - 3:16
2 - 45% - 50% - 2:41
PK3 Forward
1 - 0% - 50%
2 - 0% - 50%
PK3 Defense
1 - 0% - 50%
2 - 0% - 50%
44 Forward
1 - 100% - 50% - 0:10
2 - 0% - 50% - 0:00
44 Defense
1 - 100% - 50% - 0:10
2 - 0% - 50% - 0:00
Last Minute Offensive - 0:00
Last Minute Defensive - 0:00
Total
Forward - 60:10
Defense - 60:10
|
Play-by-Play
1st period
0:01 of 1st period - Adam Henrique wins face-off versus Elias Pettersson in neutral zone.
0:37 of 1st period - Snap shot by Oliver Bjorkstrand.
0:37 of 1st period - Stopped by Scott Wedgewood without a rebound.
0:38 of 1st period - Robert Thomas wins face-off versus Nicholas Paul in St.Louis Blues zone.
0:43 of 1st period - Snap shot by Evander Kane.
0:43 of 1st period - Shot Misses the Net.
0:45 of 1st period - Slapshot by Nick Leddy.
0:45 of 1st period - Stopped by Martin Jones without a rebound.
0:46 of 1st period - Robert Thomas wins face-off versus Travis Boyd in San Jose Sharks zone.
0:55 of 1st period - Snap shot by Evander Kane.
0:55 of 1st period - Shot Misses the Net.
1:05 of 1st period - Snap shot by Robert Thomas.
1:05 of 1st period - Shot Blocked by Joel Edmundson.
1:09 of 1st period - Wrist shot by Robert Thomas.
1:09 of 1st period - Stopped by Martin Jones without a rebound.
1:10 of 1st period - Nico Sturm wins face-off versus Mike Hoffman in San Jose Sharks zone.
1:50 of 1st period - Slapshot by William Karlsson.
1:50 of 1st period - Shot Misses the Net.
1:52 of 1st period - Wrist shot by Ryan Strome.
1:52 of 1st period - Shot Blocked by Colton Parayko.
2:28 of 1st period - Slapshot by Ryan Hartman.
2:28 of 1st period - Stopped by Scott Wedgewood without a rebound.
2:29 of 1st period - William Karlsson wins face-off versus Robert Thomas in St.Louis Blues zone.
3:01 of 1st period - Wrist shot by Andreas Athanasiou.
3:01 of 1st period - Stopped by Scott Wedgewood with a rebound.
3:28 of 1st period - Derek Forbort is hit by Mark Stone and loses puck.
4:10 of 1st period - Snap shot by Lawson Crouse.
4:10 of 1st period - Shot Misses the Net.
4:12 of 1st period - Minor Penalty to Michael Bunting for Interference.
4:13 of 1st period - Adam Henrique wins face-off versus Elias Pettersson in San Jose Sharks zone.
4:24 of 1st period - Snap shot by Elias Pettersson.
4:24 of 1st period - Deflect By Nico Sturm.
4:24 of 1st period - Shot Blocked by Calle Rosen.
4:24 of 1st period - Puck is out of play.
4:25 of 1st period - Elias Pettersson wins face-off versus Alex Iafallo in San Jose Sharks zone.
4:30 of 1st period - Snap shot by Tage Thompson.
4:30 of 1st period - Shot Misses the Net.
4:32 of 1st period - Wrist shot by Elias Pettersson.
4:32 of 1st period - Stopped by Martin Jones with a rebound.
4:34 of 1st period - Slapshot by Tage Thompson.
4:34 of 1st period - Shot Misses the Net.
4:36 of 1st period - Wrist shot by Elias Pettersson.
4:36 of 1st period - Stopped by Martin Jones with a rebound.
4:38 of 1st period - Slapshot by Alex Tuch.
4:38 of 1st period - Stopped by Martin Jones without a rebound.
4:39 of 1st period - Adam Henrique wins face-off versus Robert Thomas in San Jose Sharks zone.
6:12 of 1st period - Penalty to Michael Bunting is over, Michael Bunting is back on ice.
7:02 of 1st period - Snap shot by Lawson Crouse.
7:02 of 1st period - Deflect By Robert Thomas.
7:02 of 1st period - Stopped by Martin Jones with a rebound.
7:08 of 1st period - Slapshot by Robert Thomas.
7:08 of 1st period - Deflect By Lawson Crouse.
7:08 of 1st period - Shot Blocked by Andreas Athanasiou.
7:08 of 1st period - Puck is out of play.
7:09 of 1st period - Adam Henrique wins face-off versus Nico Sturm in San Jose Sharks zone.
7:35 of 1st period - William Karlsson is hit by Evander Kane and loses puck.
7:52 of 1st period - Snap shot by Michael Bunting.
7:52 of 1st period - Shot Misses the Net.
7:54 of 1st period - Snap shot by Derek Forbort.
7:54 of 1st period - Stopped by Scott Wedgewood with a rebound.
7:56 of 1st period - Snap shot by Nikita Zadorov.
7:56 of 1st period - Stopped by Scott Wedgewood with a rebound.
7:58 of 1st period - Slapshot by Mike Hoffman.
7:58 of 1st period - Shot Blocked by Alex Pietrangelo.
8:30 of 1st period - Snap shot by Adam Henrique.
8:30 of 1st period - Shot Misses the Net.
8:32 of 1st period - Snap shot by Alex Iafallo.
8:32 of 1st period - Shot Misses the Net.
8:34 of 1st period - Wrist shot by Alex Iafallo.
8:34 of 1st period - Stopped by Scott Wedgewood with a rebound.
8:52 of 1st period - Slapshot by Anthony Deangelo.
8:52 of 1st period - Shot Misses the Net.
9:10 of 1st period - Snap shot by William Karlsson.
9:10 of 1st period - Shot Misses the Net.
9:33 of 1st period - Minor Penalty to Andreas Athanasiou for Holding.
9:34 of 1st period - William Karlsson wins face-off versus Elias Pettersson in San Jose Sharks zone.
9:41 of 1st period - Slapshot by Tage Thompson.
9:41 of 1st period - Shot Misses the Net.
9:47 of 1st period - Wrist shot by Tage Thompson.
9:47 of 1st period - Stopped by Martin Jones with a rebound.
10:51 of 1st period - Icing by Mark Stone.
10:52 of 1st period - Adam Henrique wins face-off versus Robert Thomas in St.Louis Blues zone.
11:01 of 1st period - Snap shot by William Karlsson.
11:01 of 1st period - Shot Misses the Net.
11:03 of 1st period - Snap shot by Adam Henrique.
11:03 of 1st period - Shot Blocked by Andrew Copp.
11:33 of 1st period - Penalty to Andreas Athanasiou is over, Andreas Athanasiou is back on ice.
11:39 of 1st period - Wrist shot by Andreas Athanasiou.
11:39 of 1st period - Shot Blocked by Mikhail Sergachev.
11:41 of 1st period - Snap shot by Anthony Deangelo.
11:41 of 1st period - Shot Blocked by Evander Kane.
11:43 of 1st period - Wrist shot by Travis Boyd.
11:43 of 1st period - Stopped by Scott Wedgewood without a rebound.
11:44 of 1st period - Jack Eichel wins face-off versus Nicholas Paul in St.Louis Blues zone.
11:44 of 1st period - Jack Eichel is hit by Andreas Athanasiou.
11:52 of 1st period - Slapshot by Jack Eichel.
11:52 of 1st period - Goal by Jack Eichel - St.Louis Blues : 1 - San Jose Sharks : 0.
11:53 of 1st period - Adam Henrique wins face-off versus Elias Pettersson in neutral zone.
11:58 of 1st period - Wrist shot by Ryan Hartman.
11:58 of 1st period - Deflect By Tage Thompson.
11:58 of 1st period - Stopped by Scott Wedgewood with a rebound.
12:08 of 1st period - Jacob Middleton is hit by Tage Thompson and loses puck.
12:19 of 1st period - Jacob Middleton is hit by Adam Pelech and loses puck.
13:02 of 1st period - Snap shot by Ryan Hartman.
13:02 of 1st period - Shot Misses the Net.
13:36 of 1st period - Snap shot by Mark Stone.
13:36 of 1st period - Shot Misses the Net.
15:20 of 1st period - Snap shot by Mike Hoffman.
15:20 of 1st period - Shot Misses the Net.
15:57 of 1st period - Wrist shot by Jack Eichel.
15:57 of 1st period - Shot Misses the Net.
15:59 of 1st period - Wrist shot by Mark Stone.
15:59 of 1st period - Stopped by Martin Jones with a rebound.
16:01 of 1st period - Slapshot by Lawson Crouse.
16:01 of 1st period - Shot Misses the Net.
16:59 of 1st period - Slapshot by William Karlsson.
16:59 of 1st period - Stopped by Scott Wedgewood with a rebound.
17:01 of 1st period - Snap shot by Anthony Deangelo.
17:01 of 1st period - Stopped by Scott Wedgewood with a rebound.
17:17 of 1st period - Snap shot by Jack Eichel.
17:17 of 1st period - Stopped by Martin Jones with a rebound.
17:19 of 1st period - Wrist shot by Mark Stone.
17:19 of 1st period - Shot Blocked by Michael Bunting.
17:23 of 1st period - Snap shot by Jack Eichel.
17:23 of 1st period - Shot Blocked by Danton Heinen.
17:25 of 1st period - Wrist shot by Adam Pelech.
17:25 of 1st period - Shot Misses the Net.
18:07 of 1st period - Alex Tuch is hit by Adam Henrique and loses puck.
18:23 of 1st period - Icing by Alex Tuch.
18:24 of 1st period - Jack Eichel wins face-off versus Adam Henrique in St.Louis Blues zone.
18:24 of 1st period - Jack Eichel is hit by Ryan Hartman.
18:38 of 1st period - Wrist shot by Jack Eichel.
18:38 of 1st period - Stopped by Martin Jones without a rebound.
18:39 of 1st period - Elias Pettersson wins face-off versus Adam Henrique in San Jose Sharks zone.
18:46 of 1st period - Wrist shot by Elias Pettersson.
18:46 of 1st period - Stopped by Martin Jones with a rebound.
19:44 of 1st period - Jacob Middleton is hit by Tage Thompson and loses puck.
Goals for this period are 1 for St.Louis Blues vs 0 for San Jose Sharks.
Shots for this period are 12 for St.Louis Blues vs 10 for San Jose Sharks.
2nd period
0:01 of 2nd period - Elias Pettersson wins face-off versus William Karlsson in neutral zone.
1:22 of 2nd period - Minor Penalty to Mikhail Sergachev for Slashing.
1:23 of 2nd period - Adam Henrique wins face-off versus Nico Sturm in St.Louis Blues zone.
1:39 of 2nd period - Snap shot by Adam Henrique.
1:39 of 2nd period - Deflect By Alex Iafallo.
1:39 of 2nd period - Stopped by Scott Wedgewood without a rebound.
1:40 of 2nd period - Nico Sturm wins face-off versus William Karlsson in St.Louis Blues zone.
2:12 of 2nd period - Wrist shot by Nico Sturm.
2:12 of 2nd period - Shot Blocked by Joel Edmundson.
2:14 of 2nd period - Snap shot by Nico Sturm.
2:14 of 2nd period - Stopped by Martin Jones without a rebound.
2:15 of 2nd period - William Karlsson wins face-off versus Nico Sturm in San Jose Sharks zone.
2:30 of 2nd period - Wrist shot by Oliver Bjorkstrand.
2:30 of 2nd period - Stopped by Scott Wedgewood with a rebound.
2:40 of 2nd period - Adam Henrique is hit by Adam Pelech and loses puck.
3:22 of 2nd period - Penalty to Mikhail Sergachev is over, Mikhail Sergachev is back on ice.
3:34 of 2nd period - Mikhail Sergachev is hit by Andreas Athanasiou and loses puck.
3:59 of 2nd period - Slapshot by Calle Rosen.
3:59 of 2nd period - Stopped by Scott Wedgewood with a rebound.
4:13 of 2nd period - Nick Leddy is hit by Ryan Hartman and loses puck.
4:44 of 2nd period - Off-side.
4:45 of 2nd period - Nicholas Paul wins face-off versus Jack Eichel in neutral zone.
4:56 of 2nd period - Mark Stone is hit by Joel Edmundson and loses puck.
5:09 of 2nd period - Tage Thompson is hit by Ryan Strome.
5:35 of 2nd period - Joel Edmundson is hit by Yanni Gourde and loses puck.
5:58 of 2nd period - Wrist shot by Mike Hoffman.
5:58 of 2nd period - Shot Misses the Net.
6:00 of 2nd period - Snap shot by Anthony Deangelo.
6:00 of 2nd period - Shot Misses the Net.
6:02 of 2nd period - Snap shot by Mike Hoffman.
6:02 of 2nd period - Goal by Mike Hoffman - St.Louis Blues : 1 - San Jose Sharks : 1.
6:03 of 2nd period - William Karlsson wins face-off versus Elias Pettersson in neutral zone.
6:03 of 2nd period - Oliver Bjorkstrand is hit by Elias Pettersson and loses puck.
6:35 of 2nd period - Wrist shot by Nicholas Paul.
6:35 of 2nd period - Shot Misses the Net.
7:17 of 2nd period - Slapshot by Tage Thompson.
7:17 of 2nd period - Shot Blocked by Ryan Hartman.
7:40 of 2nd period - Wrist shot by Oliver Bjorkstrand.
7:40 of 2nd period - Shot Misses the Net.
7:42 of 2nd period - Slapshot by Ryan Strome.
7:42 of 2nd period - Shot Misses the Net.
8:43 of 2nd period - Wrist shot by Mike Hoffman.
8:43 of 2nd period - Stopped by Scott Wedgewood with a rebound.
9:57 of 2nd period - Snap shot by Lawson Crouse.
9:57 of 2nd period - Shot Blocked by Jacob Middleton.
9:59 of 2nd period - Slapshot by Adam Pelech.
9:59 of 2nd period - Stopped by Martin Jones with a rebound.
10:41 of 2nd period - Snap shot by Oliver Bjorkstrand.
10:41 of 2nd period - Shot Misses the Net.
10:57 of 2nd period - Snap shot by Andrew Copp.
10:57 of 2nd period - Shot Blocked by Nikita Zadorov.
10:59 of 2nd period - Snap shot by Sean Kuraly.
10:59 of 2nd period - Stopped by Martin Jones without a rebound.
11:00 of 2nd period - Elias Pettersson wins face-off versus William Karlsson in San Jose Sharks zone.
11:01 of 2nd period - Snap shot by Tage Thompson.
11:01 of 2nd period - Shot Misses the Net.
11:15 of 2nd period - Wrist shot by Elias Pettersson.
11:15 of 2nd period - Deflect By Tage Thompson.
11:15 of 2nd period - Shot Blocked by Derek Forbort.
11:15 of 2nd period - Puck is out of play.
11:16 of 2nd period - Adam Henrique wins face-off versus Jack Eichel in San Jose Sharks zone.
11:47 of 2nd period - Snap shot by William Karlsson.
11:47 of 2nd period - Stopped by Scott Wedgewood with a rebound.
12:31 of 2nd period - Slapshot by Nicholas Paul.
12:31 of 2nd period - Shot Misses the Net.
12:33 of 2nd period - Slapshot by Joel Edmundson.
12:33 of 2nd period - Shot Blocked by Mikhail Sergachev.
12:35 of 2nd period - Wrist shot by Michael Bunting.
12:35 of 2nd period - Stopped by Scott Wedgewood without a rebound.
12:36 of 2nd period - Elias Pettersson wins face-off versus Adam Henrique in St.Louis Blues zone.
12:45 of 2nd period - Wrist shot by Tage Thompson.
12:45 of 2nd period - Stopped by Martin Jones with a rebound.
13:24 of 2nd period - Snap shot by William Karlsson.
13:24 of 2nd period - Shot Misses the Net.
13:26 of 2nd period - Snap shot by Andreas Athanasiou.
13:26 of 2nd period - Shot Blocked by Colton Parayko.
13:28 of 2nd period - Wrist shot by Travis Boyd.
13:28 of 2nd period - Stopped by Scott Wedgewood with a rebound.
14:08 of 2nd period - Joel Edmundson is hit by Jake Sanderson and loses puck.
14:19 of 2nd period - Wrist shot by Mike Hoffman.
14:19 of 2nd period - Shot Misses the Net.
15:00 of 2nd period - Slapshot by Nikita Zadorov.
15:00 of 2nd period - Shot Blocked by Mikhail Sergachev.
15:02 of 2nd period - Wrist shot by Travis Boyd.
15:02 of 2nd period - Shot Blocked by Mikhail Sergachev.
15:22 of 2nd period - Off-side.
15:23 of 2nd period - William Karlsson wins face-off versus Elias Pettersson in neutral zone.
15:23 of 2nd period - Minor Penalty to Ryan Strome for Roughing.
15:24 of 2nd period - Adam Henrique wins face-off versus Robert Thomas in San Jose Sharks zone.
15:33 of 2nd period - Nikita Zadorov is hit by Andrew Copp and loses puck.
15:40 of 2nd period - Slapshot by Mark Stone.
15:40 of 2nd period - Shot Blocked by Derek Forbort.
17:05 of 2nd period - Nikita Zadorov is hit by Alex Pietrangelo.
17:21 of 2nd period - Andrew Copp is hit by Nikita Zadorov.
17:23 of 2nd period - Penalty to Ryan Strome is over, Ryan Strome is back on ice.
17:35 of 2nd period - Anthony Deangelo is hit by Yanni Gourde.
18:42 of 2nd period - Colton Parayko is hit by Danton Heinen and loses puck.
19:15 of 2nd period - Wrist shot by Jack Eichel.
19:15 of 2nd period - Stopped by Martin Jones without a rebound.
19:16 of 2nd period - William Karlsson wins face-off versus Elias Pettersson in San Jose Sharks zone.
19:31 of 2nd period - Slapshot by Derek Forbort.
19:31 of 2nd period - Shot Hit the Post.
Goals for this period are 0 for St.Louis Blues vs 1 for San Jose Sharks.
Shots for this period are 5 for St.Louis Blues vs 8 for San Jose Sharks.
3rd period
0:01 of 3rd period - Elias Pettersson wins face-off versus Adam Henrique in neutral zone.
0:08 of 3rd period - Snap shot by Tage Thompson.
0:08 of 3rd period - Goal by Tage Thompson - St.Louis Blues : 2 - San Jose Sharks : 1.
0:09 of 3rd period - Adam Henrique wins face-off versus Elias Pettersson in neutral zone.
0:12 of 3rd period - Alex Tuch is hit by Ryan Hartman and loses puck.
0:35 of 3rd period - Nikita Zadorov is hit by Evander Kane and loses puck.
0:48 of 3rd period - Snap shot by Evander Kane.
0:48 of 3rd period - Stopped by Martin Jones with a rebound.
1:02 of 3rd period - Oliver Bjorkstrand is hit by Lawson Crouse and loses puck.
1:09 of 3rd period - Slapshot by Derek Forbort.
1:09 of 3rd period - Deflect By William Karlsson.
1:09 of 3rd period - Stopped by Scott Wedgewood with a rebound.
1:14 of 3rd period - Icing by Jack Eichel.
1:15 of 3rd period - Jack Eichel wins face-off versus Nicholas Paul in St.Louis Blues zone.
1:26 of 3rd period - Joel Edmundson is hit by Jack Eichel and loses puck.
1:39 of 3rd period - Snap shot by Jack Eichel.
1:39 of 3rd period - Stopped by Martin Jones with a rebound.
1:51 of 3rd period - Wrist shot by Mark Stone.
1:51 of 3rd period - Shot Blocked by Travis Boyd.
1:53 of 3rd period - Wrist shot by Jake Sanderson.
1:53 of 3rd period - Deflect By Jack Eichel.
1:53 of 3rd period - Shot Misses the Net.
1:53 of 3rd period - Puck is out of play.
1:54 of 3rd period - William Karlsson wins face-off versus Elias Pettersson in San Jose Sharks zone.
2:05 of 3rd period - Snap shot by Elias Pettersson.
2:05 of 3rd period - Shot Blocked by Jacob Middleton.
2:11 of 3rd period - Snap shot by Tage Thompson.
2:11 of 3rd period - Shot Misses the Net.
2:25 of 3rd period - Wrist shot by Robert Thomas.
2:25 of 3rd period - Deflect By Evander Kane.
2:25 of 3rd period - Shot Misses the Net.
2:25 of 3rd period - Puck is out of play.
2:26 of 3rd period - Adam Henrique wins face-off versus Robert Thomas in San Jose Sharks zone.
2:37 of 3rd period - Wrist shot by Ryan Hartman.
2:37 of 3rd period - Shot Misses the Net.
2:39 of 3rd period - Wrist shot by Alex Iafallo.
2:39 of 3rd period - Stopped by Scott Wedgewood with a rebound.
2:41 of 3rd period - Snap shot by Ryan Hartman.
2:41 of 3rd period - Stopped by Scott Wedgewood without a rebound.
2:42 of 3rd period - William Karlsson wins face-off versus Elias Pettersson in St.Louis Blues zone.
2:43 of 3rd period - Slapshot by Ryan Strome.
2:43 of 3rd period - Stopped by Scott Wedgewood without a rebound.
2:44 of 3rd period - Elias Pettersson wins face-off versus William Karlsson in St.Louis Blues zone.
3:13 of 3rd period - Snap shot by Nicholas Paul.
3:13 of 3rd period - Stopped by Scott Wedgewood with a rebound.
3:15 of 3rd period - Snap shot by Travis Boyd.
3:15 of 3rd period - Deflect By Nicholas Paul.
3:15 of 3rd period - Shot Misses the Net.
3:15 of 3rd period - Puck is out of play.
3:16 of 3rd period - Jack Eichel wins face-off versus Nicholas Paul in St.Louis Blues zone.
4:07 of 3rd period - Snap shot by Jack Eichel.
4:07 of 3rd period - Stopped by Martin Jones with a rebound.
4:09 of 3rd period - Snap shot by Mark Stone.
4:09 of 3rd period - Stopped by Martin Jones without a rebound.
4:10 of 3rd period - William Karlsson wins face-off versus Elias Pettersson in San Jose Sharks zone.
4:18 of 3rd period - Anthony Deangelo is hit by Mikhail Sergachev and loses puck.
4:22 of 3rd period - Icing by Tage Thompson.
4:23 of 3rd period - Elias Pettersson wins face-off versus Adam Henrique in St.Louis Blues zone.
5:16 of 3rd period - Snap shot by Tage Thompson.
5:16 of 3rd period - Shot Misses the Net.
5:18 of 3rd period - Slapshot by Mikhail Sergachev.
5:18 of 3rd period - Stopped by Martin Jones without a rebound.
5:19 of 3rd period - Ryan Strome wins face-off versus Robert Thomas in San Jose Sharks zone.
5:34 of 3rd period - Anthony Deangelo is hit by Robert Thomas and loses puck.
6:30 of 3rd period - Off-side.
6:31 of 3rd period - Ryan Strome wins face-off versus Jack Eichel in neutral zone.
6:36 of 3rd period - Wrist shot by William Karlsson.
6:36 of 3rd period - Stopped by Scott Wedgewood with a rebound.
6:38 of 3rd period - Wrist shot by Nikita Zadorov.
6:38 of 3rd period - Shot Hit the Post.
6:40 of 3rd period - Snap shot by Derek Forbort.
6:40 of 3rd period - Deflect By Ryan Strome.
6:40 of 3rd period - Stopped by Scott Wedgewood with a rebound.
6:42 of 3rd period - Wrist shot by Ryan Strome.
6:42 of 3rd period - Deflect By William Karlsson.
6:42 of 3rd period - Shot Misses the Net.
6:42 of 3rd period - Puck is out of play.
6:43 of 3rd period - William Karlsson wins face-off versus Elias Pettersson in St.Louis Blues zone.
6:50 of 3rd period - Wrist shot by Tage Thompson.
6:50 of 3rd period - Shot Misses the Net.
7:08 of 3rd period - Yanni Gourde is hit by Adam Henrique and loses puck.
7:31 of 3rd period - Lawson Crouse is hit by Nikita Zadorov and loses puck.
7:40 of 3rd period - Lawson Crouse is hit by Nicholas Paul and loses puck.
7:54 of 3rd period - Minor Penalty to Sean Kuraly for Hooking.
7:55 of 3rd period - Nico Sturm wins face-off versus William Karlsson in St.Louis Blues zone.
8:16 of 3rd period - Colton Parayko is hit by Ryan Strome and loses puck.
9:54 of 3rd period - Penalty to Sean Kuraly is over, Sean Kuraly is back on ice.
10:01 of 3rd period - Slapshot by Colton Parayko.
10:01 of 3rd period - Shot Misses the Net.
10:23 of 3rd period - Wrist shot by Travis Boyd.
10:23 of 3rd period - Shot Blocked by Alex Tuch.
10:53 of 3rd period - Mark Stone is hit by Oliver Bjorkstrand and loses puck.
11:51 of 3rd period - Alex Iafallo is hit by Evander Kane.
12:03 of 3rd period - Slapshot by Mikhail Sergachev.
12:03 of 3rd period - Stopped by Martin Jones with a rebound.
12:05 of 3rd period - Slapshot by Nick Leddy.
12:05 of 3rd period - Shot Misses the Net.
12:07 of 3rd period - Snap shot by Sean Kuraly.
12:07 of 3rd period - Shot Misses the Net.
12:44 of 3rd period - Minor Penalty to Tage Thompson for Tripping.
12:45 of 3rd period - Adam Henrique wins face-off versus Nico Sturm in St.Louis Blues zone.
12:54 of 3rd period - Snap shot by Ryan Hartman.
12:54 of 3rd period - Stopped by Scott Wedgewood with a rebound.
12:56 of 3rd period - Snap shot by Adam Henrique.
12:56 of 3rd period - Shot Misses the Net.
12:58 of 3rd period - Wrist shot by Adam Henrique.
12:58 of 3rd period - Deflect By Alex Iafallo.
12:58 of 3rd period - Shot Blocked by Jake Sanderson.
12:58 of 3rd period - Puck is out of play.
12:59 of 3rd period - Andrew Copp wins face-off versus William Karlsson in St.Louis Blues zone.
12:59 of 3rd period - Andrew Copp is hit by Oliver Bjorkstrand.
13:13 of 3rd period - Slapshot by Jake Sanderson.
13:13 of 3rd period - Stopped by Martin Jones with a rebound.
13:15 of 3rd period - Snap shot by Nick Leddy.
13:15 of 3rd period - Stopped by Martin Jones with a rebound.
13:49 of 3rd period - Off-side.
13:50 of 3rd period - Adam Henrique wins face-off versus Nico Sturm in neutral zone.
14:28 of 3rd period - Snap shot by Joel Edmundson.
14:28 of 3rd period - Deflect By Jake Sanderson.
14:28 of 3rd period - Goal by Joel Edmundson - St.Louis Blues : 2 - San Jose Sharks : 2.
14:29 of 3rd period - William Karlsson wins face-off versus Elias Pettersson in neutral zone.
14:56 of 3rd period - Yanni Gourde is hit by Travis Boyd and loses puck.
15:37 of 3rd period - Ryan Hartman is hit by Elias Pettersson.
15:57 of 3rd period - Snap shot by Oliver Bjorkstrand.
15:57 of 3rd period - Stopped by Scott Wedgewood with a rebound.
15:59 of 3rd period - Slapshot by Joel Edmundson.
15:59 of 3rd period - Deflect By Alex Pietrangelo.
15:59 of 3rd period - Stopped by Scott Wedgewood with a rebound.
16:01 of 3rd period - Slapshot by Danton Heinen.
16:01 of 3rd period - Shot Misses the Net.
16:03 of 3rd period - Slapshot by Michael Bunting.
16:03 of 3rd period - Shot Misses the Net.
16:05 of 3rd period - Snap shot by Michael Bunting.
16:05 of 3rd period - Stopped by Scott Wedgewood with a rebound.
16:16 of 3rd period - Icing by Nico Sturm.
16:17 of 3rd period - Nicholas Paul wins face-off versus Nico Sturm in St.Louis Blues zone.
16:30 of 3rd period - Backhand shot by Alex Pietrangelo.
16:30 of 3rd period - Stopped by Martin Jones without a rebound.
16:31 of 3rd period - Nicholas Paul wins face-off versus Yanni Gourde in San Jose Sharks zone.
16:31 of 3rd period - Nicholas Paul is hit by Mikhail Sergachev.
16:37 of 3rd period - Evander Kane is hit by Andreas Athanasiou and loses puck.
18:10 of 3rd period - Adam Pelech is hit by Ryan Hartman and loses puck.
18:19 of 3rd period - Travis Boyd is hit by Yanni Gourde and loses puck.
18:32 of 3rd period - Slapshot by Ryan Strome.
18:32 of 3rd period - Stopped by Scott Wedgewood with a rebound.
18:51 of 3rd period - Jacob Middleton is hit by Jack Eichel and loses puck.
19:35 of 3rd period - Alex Pietrangelo is hit by Michael Bunting and loses puck.
Goals for this period are 1 for St.Louis Blues vs 1 for San Jose Sharks.
Shots for this period are 10 for St.Louis Blues vs 13 for San Jose Sharks.
Overtime #1
0:01 of 1st overtime period - Adam Henrique wins face-off versus Elias Pettersson in neutral zone.
0:10 of 1st overtime period - Wrist shot by Elias Pettersson.
0:10 of 1st overtime period - Goal by Elias Pettersson - St.Louis Blues : 3 - San Jose Sharks : 2.
Goals for this period are 1 for St.Louis Blues vs 0 for San Jose Sharks.
Shots for this period are 1 for St.Louis Blues vs 0 for San Jose Sharks.
Back to the Top